 Dungeon Crawl Stone Soup version 0.28.0-53-g5a82cb258f (webtiles) character file.

Game seed: 15049386317594844156

1447 bnorton916 the Conjurer (level 8, -2/41 HPs)
             Began as a Deep Elf Fire Elementalist on June 7, 2022.
             Was an Initiate of Gozag.
             Succumbed to a water moccasin's poison
             ... on level 5 of the Dungeon.
             The game lasted 00:09:00 (6759 turns).

bnorton916 the Conjurer (DEFE)                      Turns: 6759, Time: 00:09:01

Health: -2/41      AC:  3    Str:  5    XL:     8   Next: 46%
Magic:  13/20      EV: 12    Int: 23    God:    Gozag
Gold:   241        SH:  0    Dex: 15    Spells: 4/20 levels left

rFire   . . .      SeeInvis .   (no weapon)
rCold   . . .      Faith    .   (no shield)
rNeg    . . .      Spirit   .   a - +0 robe
rPois   .          Reflect  .   (no helmet)
rElec   .          Harm     .   (no cloak)
rCorr   .          Rampage  .   (no gloves)
Will    .....                   i - +0 pair of boots
Stlth   ++........              l - amulet of regeneration
HPRegen 0.93/turn               (no ring)
MPRegen 0.17/turn               (no ring)

@: brilliant, lethally poisoned (-2 -> -15), gold aura, flying
A: no striking features
a: Renounce Religion, Potion Petition, Call Merchant, Bribe Branch


You were on level 5 of the Dungeon.
You worshipped Gozag.
Gozag was aware of your devotion.
You visited 2 branches of the dungeon, and saw 6 of its levels.
You also visited: Sewer.

You collected 331 gold pieces.
You paid 90 gold pieces to Gozag.

Inventory:

Hand Weapons
 t - a +1 dagger of speed
Missiles
 d - 259 stones
 j - 5 poisoned darts
Armour
 a - a +0 robe (worn)
 i - a +0 pair of boots (worn)
Magical Staves
 h - a staff of cold
Jewellery
 l - an amulet of regeneration (around neck)
Wands
 w - a wand of acid (10)
Scrolls
 b - 2 scrolls of enchant weapon {unknown}
 c - 7 scrolls of identify
 e - 3 scrolls of teleportation
 g - a scroll of vulnerability {unknown}
 n - a scroll of holy word {unknown}
 o - a scroll of enchant armour {unknown}
 q - a scroll of magic mapping
 u - a scroll of noise {unknown}
 x - a scroll of torment {unknown}
 y - a scroll of immolation {unknown}
Potions
 f - a potion of brilliance
 k - a potion of lignification {unknown}
 m - a potion of degeneration {unknown}
 p - 2 potions of haste
 r - a potion of heal wounds {unknown}
 s - a potion of curing {unknown}
 v - a potion of flight


   Skills:
 - Level 2.4 Dodging
 - Level 2.4 Stealth
 - Level 6.9 Spellcasting
 + Level 7.7 Conjurations
 + Level 0.6 Transmutations
 - Level 6.1 Fire Magic
 + Level 0.5 Ice Magic
 - Level 2.0 Air Magic
 - Level 3.0 Poison Magic


You had 4 spell levels left.
You knew the following spells:

 Your Spells              Type           Power      Damage    Failure   Level
a - Foxfire               Conj/Fire      100%       2x1d9     1%          1
b - Scorch                Fire           100%       2d10      1%          2
c - Mephitic Cloud        Conj/Pois/Air  41%        N/A       4%          3
d - Ignite Poison         Fire/Tmut/Pois 34%        N/A       6%          3
e - Conjure Flame         Conj/Fire      56%        6-21      1%          3
f - Flame Wave            Conj/Fire      56%        2d11      4%          4

Your spell library contained the following spells:

 Spells                   Type           Power      Damage    Failure   Level
 Static Discharge         Conj/Air       45%        N/A       1%          2
 Inner Flame              Hex/Fire       33%        N/A       7%          3
 Pain                     Necr           44%        1d6       8%          1
 Wereblood                Tmut           16%        N/A       9%          2
 Sublimation of Blood     Necr           11%        N/A       12%         2
 Lightning Bolt           Conj/Air       22%        1d38      28%         5
 Freezing Cloud           Conj/Ice/Air   17%        6-21      45%         5
 Agony                    Necr           11%        N/A       91%         5
 Excruciating Wounds      Necr           5%         N/A       91%         5
 Summon Hydra             Summ           5%         N/A       100%        7
 Maxwell's Capacitive Co  Air            12%        ∞         100%        8


Dungeon Overview and Level Annotations

Branches:
Dungeon (5/15)             Temple (1/1) D:5           Sewer (visited)

Altars:
Ashenzari
Cheibriados
Dithmenos
Elyvilon
Fedhas
Gozag
Hepliaklqana
Nemelex Xobeh
Okawaru
Qazlal
Ru
Sif Muna
Trog
Uskayaw
Vehumet
Wu Jian
Xom
Yredelemnul
Zin
The Shining One


Message History

The water moccasin skeleton is almost destroyed.
The water moccasin skeleton's fire resistance burns away.
The water moccasin skeleton bites you! The water moccasin closely misses you.
The water moccasin bites you!
The water moccasin skeleton completely misses you.
Unknown command.
Casting: Scorch (safe; 1% risk of failure)
Confirm with . or Enter, or press ? or * to list all spells.
Flames lash the water moccasin skeleton.
The water moccasin skeleton is burned terribly!
You destroy the water moccasin skeleton!
The water moccasin bites you.
The water moccasin bites you but does no damage.
The water moccasin bites you.
You are poisoned.
The water moccasin poisons you!
* * * LOW HITPOINT WARNING * * *
You feel very sick. The water moccasin barely misses you.
Casting: Scorch (safe; 1% risk of failure)
Confirm with . or Enter, or press ? or * to list all spells.
Flames lash the water moccasin.
The water moccasin is heavily wounded.
The water moccasin's fire resistance burns away.
* * * LOW HITPOINT WARNING * * *
You feel very sick. The water moccasin barely misses you.
You feel sick.
The water moccasin completely misses you.
It was a potion of brilliance.
You feel clever all of a sudden.
You feel sick. The water moccasin bites you.
* * * LOW HITPOINT WARNING * * *
You are more poisoned.
The water moccasin poisons you! The water moccasin barely misses you.
It was a potion of flight.
You feel very buoyant.
You fly up into the air.
You die...
Your body crumbles into a pile of gold.

.##.....# ##.. ..##....#
##... ...##...# .... #
....##..# ... .##
.....#### .. ....
......#...# .###..##.
#######._.#######$.......
......#...#......S#
......######....@.#
.....##.#..##.....#
....##..#...##...##
...##...#....##..#
..##....#)....##.###
.##.....#).....##..#
##......#.......##.#
#............#####.##.#
#.###...#.............#


You could see a water moccasin (combustible).

Vanquished Creatures
  Sigmund (D:2)
  A water moccasin (Sewer)
  A sky beast (D:5)
  3 ogres
  3 necrophages
  A centaur (D:5)
  A phantom (D:4)
  A water moccasin skeleton (D:5)
  A hound (D:5)
  A bullfrog zombie (D:3)
  An orc priest (D:3)
  2 jellies
  An orc wizard (D:3)
  4 gnolls (D:3)
  A river rat (D:4)
  7 adders
  A white imp (D:5)
  An adder zombie (D:5)
  A worm (D:2)
  3 orcs
  11 ball pythons
  7 endoplasms
  5 giant cockroaches
  3 hobgoblins
  3 quokkas
  10 bats
  2 frilled lizards
  16 goblins
  6 kobolds
  9 rats
108 creatures vanquished.

Vanquished Creatures (others)
  409 foxfires
409 creatures vanquished.

Grand Total: 517 creatures vanquished

Notes
Turn   | Place    | Note
-------+----------+-------------------------------------------
     0 | D:1      | bnorton916 the Deep Elf Fire Elementalist began the quest
                  | for the Orb.
     0 | D:1      | Reached XP level 1. HP: 10/10 MP: 6/6
   390 | D:1      | Reached XP level 2. HP: 15/15 MP: 5/8
  1232 | D:1      | Noticed a shining eye
  1234 | D:1      | Found a faded altar of an unknown god.
  1236 | D:1      | Noticed a great orb of eyes
  1236 | D:1      | Noticed a great orb of eyes
  1236 | D:1      | Noticed a golden eye
  1609 | D:2      | Reached skill level 2 in Conjurations
  1770 | D:2      | Noticed Sigmund
  1801 | D:2      | Reached XP level 3. HP: 19/19 MP: 8/10
  1844 | D:2      | Killed Sigmund
  1845 | D:2      | Reached skill level 5 in Spellcasting
  1845 | D:2      | Reached skill level 3 in Conjurations
  1845 | D:2      | Reached XP level 4. HP: 9/24 MP: 4/13
  1845 | D:2      | Reached XP level 5. HP: 10/28 MP: 4/14
  2299 | D:2      | Found a basalt altar of Yredelemnul.
  2592 | D:3      | Reached skill level 5 in Fire Magic
  2623 | D:3      | Found a shadowy altar of Dithmenos.
  2646 | D:3      | Reached XP level 6. HP: 32/32 MP: 14/16
  2812 | D:3      | Reached skill level 4 in Conjurations
  3038 | D:2      | Learned a level 2 spell: Scorch
  4133 | D:4      | Found a shimmering blue altar of Sif Muna.
  4133 | D:4      | Found an iron altar of Okawaru.
  4212 | D:4      | Found a glowing drain.
  4219 | Sewer    | Entered a sewer
  4359 | Sewer    | Noticed a water moccasin
  4377 | Sewer    | Killed a water moccasin
  4378 | Sewer    | Reached XP level 7. HP: 13/36 MP: 11/18
  4903 | D:4      | Reached skill level 5 in Conjurations
  4907 | D:4      | Learned a level 3 spell: Mephitic Cloud
  4911 | D:4      | Learned a level 3 spell: Ignite Poison
  4915 | D:4      | Learned a level 3 spell: Conjure Flame
  4920 | D:4      | Learned a level 4 spell: Flame Wave
  5541 | D:3      | Reached skill level 1 in Air Magic
  5541 | D:3      | Reached skill level 1 in Poison Magic
  5705 | D:5      | Entered Level 5 of the Dungeon
  6000 | D:5      | Reached XP level 8. HP: 19/41 MP: 12/20
  6048 | D:5      | Reached skill level 6 in Conjurations
  6166 | D:5      | Found a staircase to the Ecumenical Temple.
  6174 | D:5      | Reached skill level 7 in Conjurations
  6185 | Temple   | Entered the Ecumenical Temple
  6412 | Temple   | Became a worshipper of Gozag Ym Sagoz the Greedy
  6456 | D:5      | Found a broken altar of Ashenzari.
  6758 | D:5      | HP: 2/41 [water moccasin (2)]
  6759 | D:5      | Succumbed to a water moccasin's poison

Illustrated notes

Levels and vault maps discovered:
D:1:      wander_arrival_chamber, layout_basic,
          hellmonk_ecumenical_altar_watching_god
D:2:      layout_basic, basic_altar, nrook_campfire, minmay_misc_feat_cross,
          uniq_sigmund
D:3:      layout_rooms, grunt_dithmenos_smoke_and_mirrors, minmay_ogre_servants
D:4:      layout_basic, chequers_temple_overflow_statue_of_worship,
          gup_sewer_entry_bubbles, dk_noncrumbling_4
D:5:      kennysheep_steamy, layout_loops_cross, nicolae_ashenzari_panopticon,
          minmay_temple_entry_offerings, amethyst_killhole
Temple:   nicolae_temple_elliptical

Skill      XL: |  1  2  3  4  5  6  7  8 |
---------------+-------------------------+-----
Conjurations   | 2 3 4 5 7 |  7.7
Spellcasting   | 5 6 |  6.9
Fire Magic     | 4 5 6 |  6.1
Air Magic      | 2 |  2.0
Poison Magic   | 2 3 |  3.0
Dodging        | |  2.4
Stealth        | |  2.4
Transmutations | |  0.6
Ice Magic      | |  0.5

Action                   |  1- 3 |  4- 6 |  7- 9 || total
-------------------------+-------+-------+-------++-------
 Cast: Foxfire           |   102 |    98 |    53 ||   253
       Scorch            |       |    10 |    25 ||    35
       Mephitic Cloud    |       |       |     1 ||     1
  Use: Scroll            |       |     3 |       ||     3
       Potion            |       |       |     2 ||     2
Armor: Robe              |     5 |     5 |    11 ||    21
Dodge: Dodged            |     5 |    28 |    28 ||    61
